 Dungeon Crawl Stone Soup version 0.27.0-1-g7a089689b8 (webtiles) character file.

Game seed: 16929415729807923763

2455 shadowrider38 the Cleaver (level 9, -11/106 HPs)
             Began as a Hill Orc Berserker on Aug 12, 2021.
             Was a Priest of Trog.
             Mangled by a large slime creature (30 damage)
             ... on level 6 of the Dungeon.
             The game lasted 00:09:50 (7364 turns).

shadowrider38 the Cleaver (Hill Orc Berserker)      Turns: 7364, Time: 00:09:50

Health: -11/106    AC: 20    Str: 23    XL:     9   Next: 50%
Magic:  9/9        EV:  6    Int:  7    God:    Trog [***...]
Gold:   259        SH:  0    Dex: 10    Spells: 8/8 levels left

rFire    . . .     SeeInvis .   a - +7 dire flail (protect)
rCold    . . .     Faith    .   (shield currently unavailable)
rNeg     . . .     Spirit   .   t - +0 plate armour
rPois    .         Reflect  .   (no helmet)
rElec    .         Harm     .   C - +0 cloak
rCorr    .         Rampage  .   s - +0 pair of gloves
Will     .....                  (no boots)
Stlth    ..........             (no amulet)
HPRegen  0.27/turn              o - +4 ring of slaying
MPRegen  0.11/turn              (no ring)

@: berserking, under a protective aura, very quick
A: no striking features
a: Renounce Religion, Berserk, Trog's Hand


You were on level 6 of the Dungeon.
You worshipped Trog.
Trog was most pleased with you.
You visited 1 branch of the dungeon, and saw 6 of its levels.

You collected 259 gold pieces.

Inventory:

Hand Weapons
 a - a +7 dire flail of protection (weapon)
 z - a +0 hand axe
Missiles
 A - 28 poisoned darts (quivered)
Armour
 g - a +0 kite shield
 s - a +0 pair of gloves (worn)
 t - a +0 plate armour (worn)
 C - a +0 cloak (worn)
Jewellery
 o - a +4 ring of slaying (left hand)
Wands
 m - a wand of digging (5)
 v - a wand of flame (14)
 w - a wand of mindburst (11)
Scrolls
 b - a scroll of fear {unknown}
 f - 2 scrolls of vulnerability {unknown}
 i - a scroll of immolation {unknown}
 l - 2 scrolls of teleportation {unknown}
 r - a scroll of amnesia {unknown}
 u - a scroll of noise {unknown}
 y - a scroll of fog {unknown}
Potions
 c - 2 potions of might
 d - 2 potions of curing
 e - a potion of mutation
 h - a potion of heal wounds
 k - a potion of flight {unknown}
 n - 2 potions of brilliance
 p - 3 potions of ambrosia
 q - a potion of degeneration
 x - a potion of invisibility {unknown}
 B - a potion of berserk rage {unknown}


   Skills:
 - Level 3.9 Fighting
 + Level 14.1 Axes
 - Level 2.2 Armour
 - Level 1.6 Dodging
 - Level 6.1 Shields


You had 8 spell levels left.
You didn't know any spells.
Your spell library was empty.

Dungeon Overview and Level Annotations

Branches:
Dungeon (6/15)
 Temple: D:4-7

Altars:
Cheibriados
Dithmenos
Fedhas
Hepliaklqana
Kikubaaqudgha
Nemelex Xobeh
Uskayaw

Annotations:
D:4 1 runed translucent door


Message History

You kill the endoplasm!
Trog accepts your kill.
There is an open door here.
You thump the slime creature!
The slime creature is moderately wounded.
The slime creature hits you.
You hit the slime creature.
The slime creature is moderately wounded.
Two slime creatures merge to form a large slime creature.
You sock the large slime creature!
The large slime creature is moderately wounded.
You sock the large slime creature!
The large slime creature is moderately wounded.
You hit the large slime creature.
The large slime creature is heavily wounded.
The large slime creature hits you!
You barely miss the large slime creature.
The large slime creature is heavily wounded.
The large slime creature hits you!!
You puncture the large slime creature!
The large slime creature is heavily wounded.
The large slime creature hits you.
A red film seems to cover your vision as you go berserk!
You feel yourself moving faster!
You feel mighty!
The large slime creature hits you but does no damage.
You puncture the large slime creature!
The large slime creature is heavily wounded.
The large slime creature barely misses you.
Your plate armour prevents you from hitting the large slime creature.
The large slime creature is heavily wounded.
You puncture the large slime creature!
The large slime creature is severely wounded.
The large slime creature hits you!
* * * LOW HITPOINT WARNING * * *
You bludgeon the large slime creature!!
The large slime creature is almost dead.
You barely miss the large slime creature.
The large slime creature is almost dead.
The large slime creature hits you!!
You die...

##.#####.....###)....###.##.#.#..
.........#...##..))...##.##.#.##.
......>###...##.......##....(....
.......###...##.......##.......##
.............##.......##.......#
.......####.###....######......#
.......# #.# #....'..###......#
.......# ### ########.#########
######## ##@.....## # #J#######
######### #..)J..... ........#
####÷..P÷..P. #.#####.#
#.##.÷.....÷.
#..####.###.##...P.P.÷.
............##÷P...P...
#..####.###.##÷..÷÷...$ #.#####.#
#.###########


You could see a large slime creature.

Vanquished Creatures
  Edmund (D:5)
  A necrophage (D:5)
  5 ogres
  The ghost of Datul the Chiller, an amateur DrIE (D:4)
  A phantom (D:5)
  3 kobold brigands (D:6)
  2 bullfrogs
  2 scorpions
  A water moccasin skeleton (D:5)
  5 killer bees (D:6)
  7 wights
  3 howler monkeys
  3 hounds
  4 jellies
  A centaur skeleton (D:6)
  A bullfrog skeleton (D:5)
  Ijyb (D:4)
  An iguana (D:4)
  An orc wizard (D:5)
  A killer bee zombie (D:5)
  2 hound skeletons
  3 adders (D:4)
  4 gnolls
  3 white imps
  An adder skeleton (D:4)
  A worm (D:3)
  3 dart slugs
  4 orcs
  10 ball pythons
  4 bats
  12 endoplasms
  4 giant cockroaches
  6 goblins
  8 hobgoblins
  5 jackals (D:1)
  2 quokkas
  5 frilled lizards
  11 kobolds
  5 rats
138 creatures vanquished.

Vanquished Creatures (others)
  A fungus (D:6)
  5 plants (D:2)
  8 toadstools (D:6)
  5 withered plants (D:5)
19 creatures vanquished.

Grand Total: 157 creatures vanquished

Notes
Turn   | Place    | Note
-------+----------+-------------------------------------------
     0 | D:1      | shadowrider38 the Hill Orc Berserker began the quest for
                  | the Orb.
     0 | D:1      | Reached XP level 1. HP: 19/19 MP: 1/1
    26 | D:1      | Reached XP level 2. HP: 20/27 MP: 2/2
   529 | D:1      | Reached skill level 5 in Axes
   531 | D:1      | Reached XP level 3. HP: 30/33 MP: 3/3
   592 | D:1      | Found a faded altar of an unknown god.
   648 | D:1      | Reached ** piety under Trog
  1724 | D:2      | Reached XP level 4. HP: 34/40 MP: 4/4
  1784 | D:2      | Reached skill level 6 in Axes
  2195 | D:3      | Found a snail-covered altar of Cheibriados.
  2786 | D:3      | Reached *** piety under Trog
  3304 | D:4      | Reached XP level 5. HP: 37/46 MP: 5/5
  3424 | D:4      | Found a runed translucent door.
  3463 | D:4      | Found a runed translucent door.
  3463 | D:4      | Noticed Datul's ghost (amateur DrIE)
  3531 | D:4      | HP: 2/46 [poisoned by a scorpion]
  3963 | D:4      | Reached XP level 6. HP: 51/52 MP: 6/6
  4071 | D:4      | Found a sparkling altar of Nemelex Xobeh.
  4216 | D:4      | Noticed Ijyb
  4227 | D:4      | Killed Ijyb
  4445 | D:4      | Reached skill level 5 in Shields
  4460 | D:4      | Killed Datul's ghost
  4461 | D:4      | Reached XP level 7. HP: 5/58 MP: 7/7
  4766 | D:5      | Entered Level 5 of the Dungeon
  5155 | D:5      | Reached skill level 7 in Axes
  5380 | D:5      | Reached skill level 8 in Axes
  5471 | D:5      | Reached skill level 9 in Axes
  5471 | D:5      | Reached XP level 8. HP: 53/66 MP: 8/8
  5533 | D:5      | Found a hazy altar of Hepliaklqana.
  5621 | D:5      | Reached skill level 10 in Axes
  5731 | D:5      | Noticed Edmund
  5746 | D:5      | Killed Edmund
  5747 | D:5      | Found an ancient bone altar of Kikubaaqudgha.
  5830 | D:5      | Reached skill level 11 in Axes
  6025 | D:5      | Found a hide-covered altar of Uskayaw.
  6027 | D:5      | Found a shadowy altar of Dithmenos.
  6485 | D:6      | Reached skill level 12 in Axes
  6489 | D:6      | Reached XP level 9. HP: 71/71 MP: 9/9
  6643 | D:6      | Reached skill level 13 in Axes
  6956 | D:6      | Found a blossoming altar of Fedhas.
  7344 | D:6      | Reached skill level 14 in Axes
  7364 | D:6      | Mangled by a large slime creature

Illustrated notes

Levels and vault maps discovered:
D:1:      lightli_arrival_lavapool, layout_basic,
          chequers_ecumenical_altar_grove
D:2:      layout_basic, serial_bayou, serial_bayou_ford_a, serial_bayou_pond_b,
          serial_bayou_lagoon_a, serial_bayou_shore_b, serial_bayou_shore_a,
          serial_bayou_pond_a, minmay_circle_x
D:3:      layout_basic, slow_altar_1, serial_bayou_pond_c, serial_park_tiny_2,
          minivault_5
D:4:      layout_gridville, nemelex_xobeh_ov_fountains_minmay,
          ebering_ghost_sewer_f, uniq_ijyb
D:5:      layout_cave_pools, mainiacjoe_overflow_cross_hatched,
          kiku_gazebo_garden_becter, gammafunk_temple_overflow_wave,
          chequers_serial_rivers_micro_d, grunt_decor_one_mirror,
          grunt_ministairs_9, uniq_edmund
D:6:      cheibrodos_fertilizer, layout_loops_cross,
          mainiacjoe_overflow_concentric_impassable, grunt_decor_mini_mirrors,
          uniq_sigmund

Skill      XL: |  1  2  3  4  5  6  7  8  9 |
---------------+----------------------------+-----
Axes           | 5 6 9 12 14 | 14.1
Shields        | 2 4 6 |  6.1
Fighting       | |  3.9
Armour         | |  2.2
Dodging        | |  1.6

Action                   |  1- 3 |  4- 6 |  7- 9 || total
-------------------------+-------+-------+-------++-------
Melee: Hand axe          |    94 |   174 |    87 ||   355
       Dire flail        |       |       |    96 ||    96
Invok: Berserk           |     1 |     3 |     7 ||    11
Evoke: Wand              |       |     3 |       ||     3
  Use: Scroll            |       |       |     7 ||     7
 Stab: Sleeping          |     1 |       |       ||     1
Armor: Animal skin       |    15 |       |       ||    15
       Chain mail        |       |    38 |       ||    38
       Plate armour      |       |    51 |    93 ||   144
Dodge: Dodged            |    49 |    33 |    37 ||   119
Block: Kite shield       |    17 |    51 |    55 ||   123
